 Dungeon Crawl Stone Soup version 0.25-a0-353-ged6d54792d (webtiles) character file.

Game seed: 7579184452753848812, levelgen mode: deterministic

56 BritishOli the Slasher (level 3, 0/42 HPs)
             Began as a Demonspawn Gladiator on Jan 1, 2020.
             Succumbed to Robin's poison
             ... on level 1 of the Dungeon on Jan 2, 2020.
             The game lasted 00:01:40 (1105 turns).

BritishOli the Slasher (Demonspawn Gladiator)       Turns: 1105, Time: 00:01:41

Health: 0/42       AC: 21    Str: 15    XL:     3   Next: 69%
Magic:  3/3        EV:  2    Int:  9    God:
Gold:   39         SH:  0    Dex: 14    Spells: 2/2 levels left

rFire    . . .     SeeInvis .   a - +0 long sword
rCold    . . .     Gourm    .   (no shield)
rNeg     + + +     Faith    .   (armour currently unavailable)
rPois    +         Spirit   .   (helmet currently unavailable)
rElec    .         Reflect  .   (cloak currently unavailable)
rCorr    .         Harm     .   (gloves currently unavailable)
MR       .....     NoTele   +   (boots currently unavailable)
Stlth    +.........             (no amulet)
HPRegen  0.14/turn              (no ring)
MPRegen  0.08/turn              (no ring)

@: lethally poisoned (0 -> -24), tree-form, hasted, very quick
A: no striking features
a: no special abilities


You were on level 1 of the Dungeon.
You were hungry.
You were a tree.
You visited 1 branch of the dungeon, and saw 2 of its levels.

You collected 39 gold pieces.

Inventory:

Hand Weapons
 a - a +0 long sword (weapon)
Missiles
 d - 3 throwing nets (quivered)
Armour
 b - a +0 leather armour
 c - a +0 helmet (melded)
 j - a +0 scale mail (melded)
Scrolls
 g - a scroll of amnesia {unknown}
 h - a scroll of remove curse {unknown}
 k - 2 scrolls of teleportation {unknown}
 l - a scroll of fog {unknown}
 m - a scroll of enchant armour {unknown}
 n - a scroll of identify {unknown}
 o - a scroll of magic mapping {unknown}
Comestibles
 f - 5 rations


   Skills:
 + Level 2.6 Fighting
 * Level 3.3 Long Blades
 - Level 2.0 Throwing
 + Level 0.7 Armour
 + Level 3.1 Dodging


You had 2 spell levels left.
You didn't know any spells.
Your spell library was empty.

Dungeon Overview and Level Annotations

Branches:
Dungeon (2/15)

Altars:

Annotations:
D:1 Robin


Innate Abilities, Weirdness & Mutations

((You are partially covered in iridescent scales. (AC +2)))


Message History

The goblin goes into a battle-frenzy!
The goblin hits you.
* * * LOW HITPOINT WARNING * * *
You slash the goblin!
You kill the goblin!
* * * LOW HITPOINT WARNING * * *
You feel sick.
Robin says, "My army is invincible!"
Robin barely misses you.
You riposte.
You hit Robin.
Robin is lightly wounded.
The goblin hits you but does no damage.
You slash the goblin!
You kill the goblin!
* * * LOW HITPOINT WARNING * * *
You feel sick. Robin hits you but does no damage.
You are more poisoned.
You cannot move.
You hit Robin.
Robin is moderately wounded.
You die...

#.......# #... #.......#
#... #......## #...
############## #......#
#...
#............######......#
###.
#.#######.##.............#
## #.# #.##.............#
#.# #.##...8g........# #.#
#.....8♣8...)....#
##.##########...8...÷.#####
....................#.#####
#############.......#.....#
###.###.#####.# #....#.#
#.# #..#...# #.#
#..#########.#
#####............#


You could see Robin.

Vanquished Creatures
  An adder (D:2)
  3 dart slugs (D:1)
  A leopard gecko (D:2)
  7 goblins
  7 hobgoblins
  8 kobolds
  6 bats
  3 frilled lizards
  4 rats
40 creatures vanquished.

Notes
Turn   | Place    | Note
-------+----------+-------------------------------------------
     0 | D:1      | BritishOli the Demonspawn Gladiator began the quest for the
                  | Orb.
     0 | D:1      | Reached XP level 1. HP: 16/16 MP: 1/1
   121 | D:1      | Gained mutation: You are partially covered in iridescent
                  | scales. (AC +2) [demonic ancestry]
   121 | D:1      | Reached XP level 2. HP: 12/22 MP: 2/2
   703 | D:2      | Reached XP level 3. HP: 28/28 MP: 3/3
  1032 | D:2      | Noticed Robin
  1104 | D:1      | HP: 2/42 [poisoned by Robin]
  1105 | D:1      | Succumbed to Robin's poison

Levels and vault maps discovered:
D:1:      minmay_arrival_semitransparent, layout_basic, minivault_4,
          st_stairs_14, hex_large
D:2:      layout_loops_cross, first_ration, grunt_ministairs_3, uniq_robin

Skill      XL: |  1  2 |
---------------+-------+-----
Throwing       | 2 |  2.0
Long Blades    | 3 |  3.3
Dodging        | 3 |  3.1
Fighting       | |  2.6
Armour         | |  0.7

Action                   || total
-------------------------++-------
Melee: Long sword        ||   102
  Use: Potion            ||     3
 Stab: Sleeping          ||     1
Armor: Leather armour    ||    11
       Scale mail        ||    63
       Skin              ||     5
Dodge: Dodged            ||    88
       Rpst.: Long sword ||    29

Table legend:
 A = Non-vault XP
 B = Vault XP
 C = Vault XP percentage of total XP
 D = Non-vault monster count
 E = Vault monster count
 F = Vault count percentage of total count
                 A         B        C        D         E       F
            +---------+---------+-------+---------+---------+-------
      Total |      62 |      18 |  22.5 |      30 |      10 |  25.0
            +---------+---------+-------+---------+---------+-------
        D:1 |      27 |       5 |  15.6 |      13 |       3 |  18.8
        D:2 |      35 |      13 |  27.1 |      17 |       7 |  29.2
            +---------+---------+-------+---------+---------+-------
